 Dungeon Crawl Stone Soup version 0.30.1-4-g462c640d31 (webtiles) character file.

Game seed: 11938543201450305771

416 Heoruswealwe the Magician (level 6, -2/32 HPs)
             Began as a Deep Elf Conjurer on Aug 16, 2023.
             Slain by Sigmund
             ... wielding a +5 heavy scythe
              (20 damage)
             ... on level 3 of the Dungeon.
             The game lasted 00:23:09 (2086 turns).

Heoruswealwe the Magician (Deep Elf Conjurer)       Turns: 2086, Time: 00:23:10

Health: -2/32      AC:  2    Str:  4    XL:     6   Next: 60%
Magic:  14/18      EV: 12    Int: 25    God:
Gold:   180        SH:  0    Dex: 13    Spells: 5/19 levels left

rFire   . . .        b - +0 war axe
rCold   . . .        (no shield)
rNeg    . . .        c - +0 robe
rPois   .            (no helmet)
rElec   .            (no cloak)
rCorr   .            (no gloves)
SInv    +            (no boots)
Will    +....        (no amulet)
Stlth   ++           k - ring of see invisible
HPRegen 0.25/turn    j - ring of willpower
MPRegen 0.16/turn

%: no passive effects
@: no status effects
A: no striking features
a: no special abilities


You were on level 3 of the Dungeon.
You visited 1 branch of the dungeon, and saw 3 of its levels.

You collected 180 gold pieces.

Inventory:

Hand Weapons
 b - a +0 war axe (weapon)
Armour
 c - a +0 robe (worn)
 e - a +0 robe
 f - a +0 robe
 l - a +0 robe
 n - a +0 robe
 p - a +0 robe
 A - the +2 scale mail of Kitoidyma {Fly Str+6}
   (You found it on level 3 of the Dungeon)

   Str:       It affects your strength (+6).
   Fly:       It grants you flight.
Magical Staves
 q - a staff of earth
Jewellery
 j - a ring of willpower (right hand)
 k - a ring of see invisible (left hand)
Wands
 y - a wand of iceblast (13)
Scrolls
 a - a scroll of vulnerability {unknown}
 d - a scroll of enchant armour
 h - a scroll of enchant weapon
 t - a scroll of poison
 x - a scroll of teleportation
Potions
 g - 5 potions of curing
 i - a potion of haste {unknown}
 m - a potion of degeneration {unknown}
 o - 3 potions of might {unknown}
 r - 3 potions of flight {unknown}
 s - a potion of lignification {unknown}
 u - 4 potions of heal wounds {unknown}
 v - 2 potions of brilliance {unknown}
 w - 2 potions of invisibility {unknown}
 z - a potion of magic


   Skills:
 - Level 2.4 Dodging
 - Level 2.4 Stealth
 + Level 7.0 Spellcasting
 + Level 6.9 Conjurations


You had 5 spell levels left.
You knew the following spells:

 Your Spells              Type           Power      Damage    Failure   Level
a - Magic Dart            Conj           100%       1d8       1%          1
b - Searing Ray           Conj           86%        2d7       1%          2
c - Dazzling Flash        Conj/Hex       52%        N/A       4%          3
d - Fulminant Prism       Conj/Hex       13%        3d8       16%         4
e - Iskenderun's Mystic   Conj/Tloc      26%        2d7       16%         4

Your spell library contained the following spells:

 Spells                   Type           Power      Damage    Failure   Level
 Manifold Assault         Tloc           8%         N/A       54%         4
 Dispersal                Tloc           4%         N/A       100%        6
 Disjunction              Tloc           4%         N/A       100%        8


Dungeon Overview and Level Annotations

Branches:
Dungeon (3/15)

Altars:
Gozag

Annotations:
D:3 Sigmund


Message History

Jessica is moderately wounded.
Jessica shouts! (Press . to maintain the ray.) Jessica looks very angry.
The searing ray hits Jessica!
You kill Jessica!
Your Spellcasting skill increases to level 7!
Okay, then.
a - a scroll labelled MUONIL JOOSHEI You now have 180 gold pieces (gained 4).
r - 3 sedimented black potions (gained 1)
Things that are here:
a +0 club; a +0 robe; the human corpse of Jessica
f - a +0 robe
There is a stone staircase leading up here.
You climb upwards.
There is a stone staircase leading down here.
There is a stone staircase leading down here.
You climb downwards.
There is a stone staircase leading up here.
Things that are here:
a +0 club; the human corpse of Jessica Sigmund the Dreaded comes into view.
He is wielding a +5 heavy scythe.
Sigmund shouts!
Casting: Searing Ray (safe; 1% risk of failure)
Confirm with . or Enter, or press ? or * to list all spells.
Aiming: Searing Ray (safe; 1% risk of failure)
Press: ? - help, Shift-Dir - straight line, f - Sigmund
Aim: Sigmund, wielding a +5 heavy scythe and wearing a +0 robe (80% to hit)
The searing ray hits Sigmund.
Sigmund is lightly wounded. (Press . to maintain the ray.) Sigmund hits you from afar with a +5 heavy scythe!
The searing ray misses Sigmund.
The searing ray hits Sigmund.
Sigmund is lightly wounded.
Sigmund says, "I'm your fate."
Sigmund hits you from afar with a +5 heavy scythe!!
Ouch! That really hurt!
You die...

#############
##
.....@.@....#
..
###########.#
># #.# + #.#
#.# #.# ..
#.# .. #.# ..
#.#


You could see Sigmund.

Vanquished Creatures
  Grinder (D:3)
  2 orc priests (D:2)
  Jessica (D:3)
  Ijyb (D:3)
  An orc wizard (D:2)
  3 adders
  3 worms (D:3)
  A dart slug (D:2)
  4 orcs
  4 bats
  3 endoplasms
  6 hobgoblins
  4 jackals (D:2)
  5 kobolds
  4 quokkas
  3 ball pythons
  2 frilled lizards
  3 goblins
  4 rats
55 creatures vanquished.

Notes
Turn   | Place    | Note
-------+----------+-------------------------------------------
     0 | D:1      | Heoruswealwe the Deep Elf Conjurer began the quest for the
                  | Orb.
     0 | D:1      | Reached XP level 1. HP: 10/10 MP: 6/6
   177 | D:1      | Found a faded altar of an unknown god.
   410 | D:1      | Reached XP level 2. HP: 15/15 MP: 2/8
   413 | D:1      | Learned a level 2 spell: Searing Ray
   806 | D:2      | Reached skill level 4 in Spellcasting
   806 | D:2      | Reached skill level 5 in Conjurations
   806 | D:2      | Reached XP level 3. HP: 17/19 MP: 0/10
   815 | D:2      | Reached XP level 4. HP: 9/24 MP: 7/12
   824 | D:2      | Reached skill level 5 in Spellcasting
   971 | D:2      | Learned a level 3 spell: Dazzling Flash
   976 | D:2      | Learned a level 4 spell: Fulminant Prism
  1361 | D:3      | Reached XP level 5. HP: 28/28 MP: 8/14
  1367 | D:3      | Learned a level 4 spell: Iskenderun's Mystic Blast
  1526 | D:3      | Noticed Grinder
  1532 | D:3      | Killed Grinder
  1533 | D:3      | Reached skill level 6 in Spellcasting
  1533 | D:3      | Reached XP level 6. HP: 32/32 MP: 3/17
  1655 | D:3      | Found an opulent altar of Gozag.
  1861 | D:3      | Noticed Ijyb
  1864 | D:3      | Killed Ijyb
  1981 | D:3      | Identified the +2 scale mail of Kitoidyma {Fly Str+6}
  2024 | D:3      | Noticed Jessica
  2029 | D:3      | Killed Jessica
  2030 | D:3      | Reached skill level 7 in Spellcasting
  2081 | D:3      | Noticed Sigmund
  2086 | D:3      | Slain by Sigmund

Illustrated notes

Levels and vault maps discovered:
D:1:      spicycebolla_arrival_transporter_tutorial, layout_basic,
          shapermc_ecumenical_altar_acropolis, minmay_misc_feat_room,
          chequers_serial_rivers_small_a, chequers_serial_rivers_small_b,
          kennysheep_small_spiral
D:2:      cheibrodos_pilgrimage, layout_rooms, kennysheep_generic_room_10
D:3:      layout_basic, mainiacjoe_overflow_24_doors, uniq_grinder,
          uniq_sigmund, uniq_jessica, uniq_ijyb

Skill      XL: |  1  2  3  4  5  6 |
---------------+-------------------+-----
Spellcasting   | 4 5 6 7 |  7.0
Conjurations   | 5 6 |  6.9
Dodging        | |  2.4
Stealth        | |  2.4

Action                     |  1- 3 |  4- 6 || total
---------------------------+-------+-------++-------
  Melee: War axe           |    10 |     1 ||    11
   Cast: Magic Dart        |    32 |    74 ||   106
         Searing Ray       |     2 |     6 ||     8
         Iskenderun's Myst |       |     1 ||     1
    Use: Potion            |     1 |       ||     1
         Scroll            |       |     6 ||     6
 Armour: Robe              |       |     1 ||     1
  Dodge: Dodged            |     7 |     5 ||    12
